 Dungeon Crawl Stone Soup version 0.21.0 (webtiles) character file.

51838 Timinator the Martial Artist (level 14, -7/110 (111) HPs)
             Began as a Vampire Transmuter on Jan 14, 2018.
             Was the Champion of Kikubaaqudgha.
             Splashed by a brown ugly thing's acid (9 damage)
             ... on level 14 of the Dungeon on Jan 15, 2018.
             The game lasted 03:45:23 (20362 turns).

Timinator the Martial Artist (Vampire Transmuter)  Turns: 20362, Time: 03:45:23

HP:   -7/110 (111)  AC:  0    Str: 11    XL:     14   Next: 24%
MP:   26/35         EV: 23    Int: 17    God:    Kikubaaqudgha [******]
Gold: 848           SH:  0    Dex: 19    Spells: 12/29 levels left

rFire    + . .     SeeInvis +     - Unarmed
rCold    + . .     Gourm    .   (shield currently unavailable)
rNeg     . . .     Faith    +   m - +2 robe {rC+ rF+}
rPois    .         Spirit   .   v - +2 hat {SInv}
rElec    +         Reflect  .   w - scarf {cloud immunity}
rCorr    .         Harm     .   (gloves currently unavailable)
MR       +....                  (no boots)
Stlth    +++.......             F - amulet of Cavany {Faith rElec Str+2 Stlth+}
HPRegen  0.48/turn              l - +3 ring of intelligence
MPRegen  0.24/turn              C - ring of magical power

@: icy armour, blade hands, corroded, regenerating quickly, slow
A: fangs 3, talons 1, see invisible, dopey 1, unbreathing
a: End Transformation, Receive Corpses, Torment, Brand Weapon With Pain, Receive
Necronomicon, Renounce Religion


You were on level 14 of the Dungeon.
You worshipped Kikubaaqudgha.
Kikubaaqudgha was exalted by your worship.
You were full.
You had blades for hands.
You visited 3 branches of the dungeon, and saw 17 of its levels.
You also visited: Ossuary.

You collected 1999 gold pieces.
You spent 1151 gold pieces at shops.

Inventory:

Missiles
 a - 404 arrows
Armour
 b - the +6 scale mail of Leugetu {Dex+5}
   (You acquired it on level 12 of the Dungeon)

   It affects your dexterity (+5).
 m - a +2 robe of resistance (worn)
 q - a +2 robe of magic resistance
 v - a +2 hat of see invisible (worn)
 w - a scarf of cloud immunity (worn)
 K - a +3 ring mail
 P - the +3 pair of gauntlets of War (melded) {Slay+5}
   (You bought it in a shop on level 8 of the Dungeon)

   It affects your accuracy and damage with ranged weapons and melee attacks
   (+5).
Jewellery
 l - a +3 ring of intelligence (left scythe-like blade)
 x - a +4 ring of dexterity
 C - a ring of magical power (right scythe-like blade)
 F - the amulet of Cavany (around neck) {Faith rElec Str+2 Stlth+}
   (You found it on level 7 of the Dungeon)

   [amulet of faith]

   It allows you to gain divine favour quickly.
   It affects your strength (+2).
   It insulates you from electricity.
   It makes you more stealthy.
 L - a +3 ring of dexterity
Wands
 h - a wand of flame (126)
 j - a wand of random effects (44)
 D - a wand of polymorph (8)
 J - a wand of paralysis (5)
 N - a wand of enslavement (10)
 Q - a wand of disintegration (15)
Scrolls
 e - 9 scrolls of teleportation
 f - 3 scrolls of enchant armour
 i - a scroll of immolation
 o - 5 scrolls of magic mapping
 t - 12 scrolls of remove curse
 y - a scroll of holy word {unknown}
 A - 2 scrolls of enchant weapon
 B - 4 scrolls of identify
 I - a scroll of fog
Potions
 d - 27 potions of blood
 g - a potion of magic
 k - 5 potions of curing
 n - a potion of cancellation
 p - a potion of haste
 r - 5 potions of flight
 s - a potion of ambrosia
 z - a potion of mutation
 G - 2 potions of heal wounds
 H - a potion of brilliance
Books
 c - a book of Changes

   Spells                             Type                      Level
   a - Beastly Appendage              Transmutation                1
   b - Sticks to Snakes               Transmutation                2
   c - Spider Form                    Transmutation/Poison         3
   d - Ice Form                       Ice/Transmutation            4
   e - Blade Hands                    Transmutation                5
 u - Kikubaaqudgha's Tome of Evil Rites
   (Kikubaaqudgha gifted it to you in an ossuary)

   Spells                             Type                      Level
   a - Animate Skeleton               Necromancy                   1
   b - Pain                           Necromancy                   1
   c - Sublimation of Blood           Necromancy                   2
   d - Vampiric Draining              Necromancy                   3
 E - Kikubaaqudgha's Catalogue of Stolen Souls
   (Kikubaaqudgha gifted it to you on level 7 of the Dungeon)

   Spells                             Type                      Level
   a - Animate Dead                   Necromancy                   4
   b - Excruciating Wounds            Charms/Necromancy            5
   c - Dispel Undead                  Necromancy                   5
   d - Simulacrum                     Ice/Necromancy               6
   e - Death Channel                  Necromancy                   6
 O - a book of Enchantments

   Spells                             Type                      Level
   a - Cause Fear                     Hexes                        4
   b - Yara's Violent Unravelling     Hexes/Transmutation          5
   c - Silence                        Hexes/Air                    5
   d - Deflect Missiles               Charms/Air                   6
   e - Discord                        Hexes                        8
 R - a book of Frost

   Spells                             Type                      Level
   a - Freeze                         Ice                          1
   b - Throw Frost                    Conjuration/Ice              2
   c - Ozocubu's Armour               Charms/Ice                   3
   d - Throw Icicle                   Conjuration/Ice              4
   e - Summon Ice Beast               Ice/Summoning                4


   Skills:
 * Level 10.9 Fighting
 * Level 12.5 Dodging
 * Level 13.1 Unarmed Combat
 + Level 8.3 Spellcasting
 + Level 6.0 Necromancy
 - Level 10.1 Transmutations
 * Level 6.8 Ice Magic


You had 12 spell levels left.
You knew the following spells:

 Your Spells              Type           Power        Failure   Level  Hunger
a - Beastly Appendage     Tmut           #####.       8%          1    None
b - Blade Hands           Tmut           #####.....   30%         5    #####..
c - Ice Form              Ice/Tmut       #####...     26%         4    ###....
d - Animate Dead          Necr           N/A          43%         4    ###....
e - Ozocubu's Armour      Chrm/Ice       ###.....     41%         3    #......


Dungeon Overview and Level Annotations

Branches:
Dungeon (14/15)            Temple (1/1) D:5            Lair (0/6) D:9
    Orc (2/2) D:12            Elf (0/3) Orc:2        Vaults (0/5) D:14

Altars:
Ashenzari
Cheibriados
Dithmenos
Elyvilon
Fedhas
Gozag
Hepliaklqana
Kikubaaqudgha
Makhleb
Nemelex Xobeh
Okawaru
Qazlal
Ru
Sif Muna
Trog
Uskayaw
Vehumet
Wu Jian
Xom
Yredelemnul
Zin
The Shining One
Beogh
Lugonu

Shops:
D:8 [   D:10 %   Orc:2 [(?


Innate Abilities, Weirdness & Mutations

Your natural rate of healing is unusually fast.
You have razor-sharp teeth.
You have supernaturally acute eyesight. (SInv)
You can survive without breathing.
You have sharp toenails.
You are dopey. (Int -2)


Message History

The brown ugly thing is lightly wounded.
The brown ugly thing tentacle-slaps you!
The acid corrodes you!
You are splashed with acid!
The acid burns!
* * * LOW HITPOINT WARNING * * *
You hit the brown ugly thing.
You claw the brown ugly thing, but do no damage.
You slash the brown ugly thing, but do no damage.
The brown ugly thing is lightly wounded.
You slice the brown ugly thing!! You claw the brown ugly thing.
You bite the brown ugly thing, but do no damage.
The brown ugly thing is heavily wounded.
The brown ugly thing tentacle-slaps you!
* * * LOW HITPOINT WARNING * * *
The acid corrodes you!
You are splashed with acid!
The acid burns!
* * * LOW HITPOINT WARNING * * *
The brown ugly thing tentacle-slaps you!
* * * LOW HITPOINT WARNING * * *
You are splashed with acid!
The acid burns!
You die...
Kikubaaqudgha rasps: "You have failed me!
Welcome... oblivion!"

............####
........##..##
#!............#
#...######....#
#...# #....# #...#
#....# ######...#
#....# ##........#
#....# ..........#
#@...#
..........####
#u.###
.............###..#
.....†.........†..#
................###
................#
###....#######..#
#....# #..# #....#
#..#


You could see a brown ugly thing.

Vanquished Creatures
  Kirke (D:12)
  3 orc warlords
  Nessos (D:12)
  Azrael (D:13)
  Harold (D:12)
  A hydra (D:9)
  Erica (D:11)
  10 two-headed ogres
  2 centaur warriors (D:13)
  An ogre mage (D:14)
  The ghost of tijit the Basher, a journeyman GrFi of Makhleb (D:9)
  2 orc high priests (Orc:2)
  3 skeletal warriors
  Pikel (D:9)
  2 orc knights
  A deep elf mage (D:13)
  2 manticores (D:13)
  8 ugly things
  4 cyclopes
  An orc sorcerer (Orc:2)
  An elephant (D:9)
  Joseph (D:7)
  A guardian serpent (D:13)
  A gargoyle (D:12)
  Maurice (D:12)
  A kobold demonologist (Orc:1)
  An efreet (D:13)
  3 trolls
  A hornet (D:11)
  7 hippogriffs
  The ghost of Doughies the Changer, an amateur MfTm (D:4)
  4 slime creatures (D:13)
  Sigmund (D:4)
  A wraith (D:10)
  A vampire (D:13)
  14 yaks
  A wyvern (D:9)
  A fire elemental (D:12)
  Eustachio (D:4)
  2 basilisks (D:9)
  4 wargs
  A hungry ghost (D:12)
  Menkaure (Ossuary)
  2 hogs (D:13)
  A soldier ant (D:10)
  A water moccasin (D:13)
  3 hell hounds (D:13)
  3 slaves (D:9)
  A black bear (D:8)
  37 orc warriors
  8 sky beasts
  A necrophage (D:13)
  2 phantoms
  5 ice beasts
  15 ogres
  5 centaurs
  13 big kobolds
  9 bullfrogs
  A wyvern zombie (D:7)
  3 scorpions
  A water moccasin skeleton (D:4)
  A troll zombie (D:12)
  4 wights (D:9)
  10 howler monkeys
  2 electric eels (D:9)
  10 centaur zombies
  6 crimson imps
  3 bullfrog zombies
  A human zombie (Ossuary)
  8 jellies
  23 orc priests
  7 hounds
  41 orc wizards
  A bullfrog skeleton (D:5)
  3 centaur skeletons
  5 iguanas
  10 worker ants
  7 ogre zombies (D:12)
  6 mummies (Ossuary)
  2 hound skeletons
  2 hound zombies (D:6)
  A howler monkey zombie (D:6)
  14 gnolls
  3 worker ant zombies
  14 adders
  A shadow imp (D:13)
  9 oozes
  2 adder skeletons
  8 adder zombies
  5 worms
  3 dart slugs
  4 leopard geckos
  136 orcs
  6 bats
  3 giant cockroaches
  8 goblins
  13 hobgoblins
  4 jackals
  6 quokkas
  A ball python skeleton (D:4)
  8 frilled lizards
  A goblin skeleton (D:12)
  8 goblin zombies
  2 hobgoblin skeletons (D:12)
  4 hobgoblin zombies
  2 jackal skeletons
  A jackal zombie (D:8)
  39 kobolds
  5 kobold zombies (Ossuary)
  2 orc skeletons (D:12)
  15 orc zombies (D:12)
  A quokka skeleton (D:4)
  6 quokka zombies
  7 rats
  3 rat zombies (Ossuary)
706 creatures vanquished.

Vanquished Creatures (collateral kills)
  An orc (Orc:1)
1 creature vanquished.

Vanquished Creatures (others)
  3 humans (D:13)
  A sky beast (D:13)
  3 orc wizards
  8 orcs
15 creatures vanquished.

Grand Total: 722 creatures vanquished

Notes
Turn   | Place    | Note
-------+----------+-------------------------------------------
     0 | D:1      | Timinator the Vampire Transmuter began the quest for the Orb.
     0 | D:1      | Reached XP level 1. HP: 14/14 MP: 3/3
    24 | D:1      | Reached skill level 1 in Fighting
    72 | D:1      | Reached XP level 2. HP: 22/22 MP: 5/5
   334 | D:1      | Reached XP level 3. HP: 21/27 MP: 6/6
   881 | D:2      | Reached XP level 4. HP: 12/33 MP: 5/7
  1275 | D:2      | Reached skill level 4 in Unarmed Combat
  1626 | D:3      | Found a hide-covered altar of Uskayaw.
  1650 | D:3      | Found a shimmering altar of Xom.
  1753 | D:3      | Found a faded altar of an unknown god.
  1839 | D:3      | Reached XP level 5. HP: 34/39 MP: 7/9
  1925 | D:3      | Found a burning altar of Makhleb.
  1932 | D:3      | Found a glowing silver altar of Zin.
  1932 | D:3      | Noticed a balrug
  1933 | D:3      | Noticed an angel
  2393 | D:4      | Noticed Eustachio
  2493 | D:4      | Learned a level 5 spell: Blade Hands
  2498 | D:4      | Learned a level 4 spell: Ice Form
  2574 | D:4      | Killed Eustachio
  2574 | D:4      | Reached XP level 6. HP: 38/47 MP: 5/10
  2634 | D:4      | Noticed Sigmund
  2716 | D:4      | Killed Sigmund
  2716 | D:4      | Reached skill level 5 in Unarmed Combat
  2716 | D:4      | Reached XP level 7. HP: 41/52 MP: 9/12
  2765 | D:4      | Noticed Doughies's ghost (amateur MfTm)
  2779 | D:4      | Killed Doughies's ghost
  3572 | D:4      | Reached XP level 8. HP: 54/60 MP: 11/13
  3787 | D:5      | Entered Level 5 of the Dungeon
  3827 | D:5      | Reached skill level 5 in Dodging
  4042 | D:5      | Reached skill level 6 in Unarmed Combat
  4042 | D:5      | Reached skill level 5 in Transmutations
  4575 | D:5      | Found a staircase to the Ecumenical Temple.
  4583 | Temple   | Entered the Ecumenical Temple
  4612 | Temple   | Became a worshipper of Kikubaaqudgha
  4770 | D:5      | Found a deep blue altar of Sif Muna.
  4857 | D:6      | Found a sand-covered staircase.
  4862 | Ossuary  | Entered an ossuary
  5108 | Ossuary  | Reached * piety under Kikubaaqudgha
  5108 | Ossuary  | Identified Kikubaaqudgha's Tome of Evil Rites (Kikubaaqudgha gifted it to you in an ossuary)
  5108 | Ossuary  | Received a gift from Kikubaaqudgha
  5314 | Ossuary  | Noticed Menkaure
  5401 | Ossuary  | Killed Menkaure
  5401 | Ossuary  | Reached skill level 5 in Fighting
  5401 | Ossuary  | Reached skill level 7 in Unarmed Combat
  5401 | Ossuary  | Reached XP level 9. HP: 68/68 MP: 10/15
  5802 | D:6      | Reached ** piety under Kikubaaqudgha
  5841 | D:6      | Found a bloodstained altar of Trog.
  5846 | D:6      | Found a shadowy altar of Dithmenos.
  5853 | D:6      | Found a snail-covered altar of Cheibriados.
  6030 | D:5      | Reached skill level 5 in Spellcasting
  6147 | D:6      | Found a basalt altar of Yredelemnul.
  6244 | D:6      | Found a transporter.
  6244 | D:6      | Found a transporter.
  6258 | D:6      | Found an ornate altar of the Wu Jian Council.
  6294 | D:6      | Reached skill level 8 in Unarmed Combat
  6301 | D:6      | Noticed an unseen horror
  6443 | D:6      | Found an opulent altar of Gozag.
  6443 | D:6      | Found an iron altar of Okawaru.
  6517 | D:6      | Found a white marble altar of Elyvilon.
  7070 | D:7      | Reached XP level 10. HP: 73/77 MP: 15/18
  7098 | D:7      | Noticed Joseph
  7112 | D:7      | Killed Joseph
  7362 | D:7      | Found a radiant altar of Vehumet.
  7441 | D:7      | Reached *** piety under Kikubaaqudgha
  7441 | D:7      | Identified Kikubaaqudgha's Catalogue of Stolen Souls (Kikubaaqudgha gifted it to you on level 7 of the Dungeon)
  7441 | D:7      | Received a gift from Kikubaaqudgha
  7552 | D:7      | Found a hazy altar of Hepliaklqana.
  7609 | D:7      | Got a faintly glowing bronze amulet
  7610 | D:7      | Identified the amulet of Cavany {Faith rElec Str+2 Stlth+} (You found it on level 7 of the Dungeon)
  7918 | D:8      | Found Taaraf's Armour Shoppe.
  8228 | D:8      | Noticed a two-headed ogre
  8234 | D:8      | Killed a two-headed ogre
  8234 | D:8      | Reached skill level 9 in Unarmed Combat
  8328 | D:8      | Learned a level 4 spell: Animate Dead
  8708 | D:9      | Found a shadowy altar of Dithmenos.
  8749 | D:9      | Reached **** piety under Kikubaaqudgha
  8816 | D:9      | Reached skill level 1 in Necromancy
  8852 | D:9      | Noticed tijit's ghost (journeyman GrFi)
  8866 | D:9      | Found a staircase to the Lair.
  8866 | D:9      | Noticed an elephant
  8897 | D:9      | Killed an elephant
  9167 | D:9      | Noticed Pikel
  9192 | D:9      | Killed Pikel
  9192 | D:9      | Reached XP level 11. HP: 74/84 MP: 20/20
  9486 | D:9      | Killed tijit's ghost
  9722 | D:9      | Reached ***** piety under Kikubaaqudgha
  9728 | D:9      | Noticed a two-headed ogre
  9735 | D:9      | Killed a two-headed ogre
  9841 | D:9      | Noticed a two-headed ogre
  9850 | D:9      | Killed a two-headed ogre
  9954 | D:9      | Noticed an eight-headed hydra
 10476 | D:9      | Killed an eight-headed hydra
 10476 | D:9      | Reached skill level 10 in Unarmed Combat
 10665 | D:10     | Entered Level 10 of the Dungeon
 11025 | D:10     | Found Daonenaj's Food Shoppe.
 11168 | D:10     | Noticed a two-headed ogre
 11175 | D:10     | Killed a two-headed ogre
 11341 | D:8      | Bought the +3 pair of gauntlets of War {Slay+5} for 665 gold pieces
 11341 | D:8      | Found the +3 pair of gauntlets of War {Slay+5}
 11481 | D:11     | Noticed a two-headed ogre
 11490 | D:11     | Killed a two-headed ogre
 11490 | D:11     | Reached skill level 5 in Necromancy
 11537 | D:11     | Paralysed by a hornet for 1 turns
 11586 | D:11     | Noticed a two-headed ogre
 11842 | D:10     | Killed a two-headed ogre
 11949 | D:10     | Noticed a two-headed ogre
 11960 | D:10     | Killed a two-headed ogre
 11964 | D:10     | Reached XP level 12. HP: 69/94 MP: 22/22
 12119 | D:11     | Reached skill level 10 in Dodging
 12225 | D:11     | Noticed Erica
 12245 | D:11     | Killed Erica
 12453 | D:11     | Reached skill level 11 in Unarmed Combat
 12510 | D:11     | Learned a level 3 spell: Ozocubu's Armour
 12833 | D:12     | Noticed Harold
 12834 | D:12     | Found a staircase to the Orcish Mines.
 12845 | D:12     | Reached ****** piety under Kikubaaqudgha
 12947 | D:12     | Killed Harold
 12947 | D:12     | Reached skill level 1 in Ice Magic
 13024 | D:12     | Noticed Nessos
 13051 | D:12     | Killed Nessos
 13438 | D:12     | Noticed Maurice
 13446 | D:12     | Killed Maurice
 14105 | Orc:1    | Entered Level 1 of the Orcish Mines
 14574 | Orc:1    | Noticed an orc warlord
 14974 | D:12     | Identified a scroll of acquirement
 14975 | D:12     | Got a twisted scale mail
 14976 | D:12     | Identified the +6 scale mail of Leugetu {Dex+5} (You acquired it on level 12 of the Dungeon)
 15217 | D:12     | Killed an orc warlord
 15571 | Orc:2    | Entered Level 2 of the Orcish Mines
 15600 | Orc:2    | Noticed an orc warlord
 15623 | Orc:1    | Reached XP level 13. HP: 55/102 MP: 24/24
 15929 | Orc:1    | Killed an orc warlord
 16051 | Orc:2    | Found a staircase to the Elven Halls.
 16261 | Orc:2    | Found a roughly hewn altar of Beogh.
 16319 | Orc:2    | Found a roughly hewn altar of Beogh.
 16360 | Orc:2    | Found a roughly hewn altar of Beogh.
 16406 | Orc:2    | Found a roughly hewn altar of Beogh.
 16433 | Orc:2    | Found Eschemem's Magic Scroll Boutique.
 16682 | Orc:2    | Reached skill level 12 in Unarmed Combat
 16935 | Orc:2    | Gained mutation: You have sharp toenails. [a neqoxec]
 16936 | Orc:2    | Gained mutation: You are dopey. (Int -2) [a neqoxec]
 17083 | Orc:2    | Noticed an orc warlord
 17102 | Orc:2    | Reached skill level 10 in Fighting
 17464 | Orc:2    | Found Yhokh's Antique Weapon Boutique.
 17469 | Orc:2    | Found a roughly hewn altar of Beogh.
 17472 | Orc:2    | Found Daryisy's Antique Armour Shop.
 17532 | Orc:2    | Killed an orc warlord
 17760 | Orc:2    | Bought a glowing robe for 96 gold pieces
 17760 | Orc:2    | Bought an embroidered hat for 182 gold pieces
 17760 | Orc:2    | Bought an embroidered scarf for 208 gold pieces
 17921 | D:13     | Reached skill level 5 in Ice Magic
 17921 | D:13     | HP: 4/103 [orc warrior/glaive (15)]
 17937 | D:13     | HP: 5/103 [manticore/volley of spikes (16)]
 18606 | D:13     | Noticed Kirke
 18738 | D:12     | Killed Kirke
 18815 | D:13     | Reached skill level 10 in Transmutations
 18865 | D:13     | Noticed Azrael
 19294 | D:13     | Killed Azrael
 19497 | D:13     | Reached XP level 14. HP: 111/111 MP: 26/26
 20285 | D:14     | Reached skill level 13 in Unarmed Combat
 20291 | D:14     | Found a gate to the Vaults.
 20362 | D:14     | HP: 2/110 [brown ugly thing (7)]
 20362 | D:14     | Splashed by a brown ugly thing's acid

Skill      XL: |  1  2  3  4  5  6  7  8  9 10 11 12 13 14 |
---------------+-------------------------------------------+-----
Fighting       | 1 2 3 4 5 6 7 8 9 10 | 10.9
Unarmed Combat | 4 5 7 8 9 10 11 12 13 | 13.1
Dodging        | 3 4 6 7 8 9 11 12 | 12.5
Spellcasting   | 3 4 5 6 7 8 |  8.3
Transmutations | 3 4 6 7 8 9 10 | 10.1
Necromancy     | 2 5 6 |  6.0
Ice Magic      | 3 6 |  6.8

Action                   |  1- 3 |  4- 6 |  7- 9 | 10-12 | 13-15 || total
-------------------------+-------+-------+-------+-------+-------++-------
Melee: Unarmed           |   120 |   231 |   626 |   825 |   491 ||  2293
       Bite              |    17 |    20 |    67 |    84 |    53 ||   241
       Punch             |     1 |     2 |    26 |    46 |    29 ||   104
       Kick              |       |    15 |    49 |    53 |   111 ||   228
       Headbutt          |       |     7 |    32 |     9 |     7 ||    55
 Cast: Beastly Appendage |     3 |    13 |    34 |    26 |    13 ||    89
       Ice Form          |       |     1 |     2 |     4 |       ||     7
       Blade Hands       |       |       |    11 |    55 |    47 ||   113
       Ozocubu's Armour  |       |       |       |    17 |    53 ||    70
       Animate Dead      |       |       |       |     2 |     3 ||     5
Invok: Receive Corpses   |       |       |       |     3 |     1 ||     4
       Torment           |       |       |       |       |     1 ||     1
 Abil: End Transformatio |       |       |     1 |     2 |     9 ||    12
       Bat Form          |       |       |       |     1 |       ||     1
Evoke: Wand              |       |       |     2 |    17 |     1 ||    20
       Box of beasts     |       |       |       |     1 |       ||     1
  Use: Potion            |     4 |     8 |     6 |    27 |    21 ||    66
       Scroll            |     3 |     4 |     5 |    14 |       ||    26
 Stab: Sleeping          |       |       |     3 |    10 |     4 ||    17
       Confused          |       |       |     1 |       |       ||     1
       Distracted        |       |       |       |     4 |     3 ||     7
       Invisible         |       |       |       |       |     3 ||     3
  Eat: Corpse            |     6 |     8 |    22 |    38 |    20 ||    94
Armor: Robe              |    23 |    32 |    89 |   100 |    61 ||   305
       Skin              |     2 |     4 |     6 |     4 |       ||    16
Dodge: Dodged            |    89 |   154 |   398 |   703 |   363 ||  1707
